 Dungeon Crawl Stone Soup version 0.28.0-45-g0d030f2227 (webtiles) character file.

Game seed: 7393889427700575324

4998 NinjaNoafa the Fighter (level 10, -6/93 HPs)
             Began as a Green Draconian Berserker on Apr 13, 2022.
             Was a High Priest of Trog.
             Mangled by a vampire (8 damage)
             ... on level 9 of the Dungeon.
             The game lasted 00:21:26 (9778 turns).

NinjaNoafa the Fighter (Green Draconian Berserker)  Turns: 9778, Time: 00:21:26

Health: -6/93      AC: 12    Str: 29    XL:     10   Next: 29%
Magic:  10/10      EV: 14    Int:  7    God:    Trog [*****.]
Gold:   1390       SH:  0    Dex: 10    Spells: 9/9 levels left

rFire   . . .      SeeInvis .   a - +7 battleaxe
rCold   . . .      Faith    .   (shield currently unavailable)
rNeg    . . .      Spirit   .   (armour unavailable)
rPois   +          Reflect  .   (helmet restricted)
rElec   .          Harm     .   c - +0 cloak
rCorr   .          Rampage  .   (no gloves)
Will    .....                   (no boots)
Stlth   +.........              (no amulet)
HPRegen 0.25/turn               e - +6 ring of strength
MPRegen 0.12/turn               A - +4 ring of protection

@: on berserk cooldown, slowed, very slow
A: breathe noxious fumes, AC +7, unfitting armour, poison resistance,
cold-blooded, stinger 1, dopey 1, mutation resistance 1
a: Breathe Noxious Fumes, Renounce Religion, Berserk, Trog's Hand, Brothers in
Arms


You were on level 9 of the Dungeon.
You worshipped Trog.
Trog was extremely pleased with you.
You visited 1 branch of the dungeon, and saw 9 of its levels.
You also visited: Sewer.

You collected 1390 gold pieces.

Inventory:

Hand Weapons
 a - a +7 battleaxe (weapon)
 b - a +4 quarterstaff of chaos
 d - a +0 mace of protection
 i - a +2 falchion of flaming
 j - a +2 vorpal spear
 m - a +3 dagger
 n - a +2 flail of venom
 s - a +4 halberd
 C - a +0 falchion
Missiles
 g - 3 silver boomerangs
 B - 8 poisoned darts (quivered)
 E - a curare-tipped dart
Armour
 c - a +0 cloak (worn)
 u - a +0 buckler
Jewellery
 e - a +6 ring of strength (left hand)
 k - a ring of magical power
 r - a ring of fire
 v - a ring of magical power
 A - a +4 ring of protection (right hand)
Scrolls
 f - 3 scrolls of blinking
 l - 2 scrolls of vulnerability
 o - a scroll of amnesia
 p - a scroll of fear
 q - 3 scrolls of teleportation
 t - a scroll of torment
 x - a scroll of fog
 y - a scroll of immolation
Potions
 h - a potion of degeneration


   Skills:
 + Level 10.1 Fighting
 - Level 3.2 Long Blades
 * Level 5.8 Axes
 - Level 7.0 Staves
 + Level 8.1 Dodging


You had 9 spell levels left.
You didn't know any spells.
Your spell library was empty.

Dungeon Overview and Level Annotations

Branches:
Dungeon (9/15)             Temple (0/1) D:5           Sewer (visited)
   Lair: D:8-11         Orc: D:9-12

Altars:
Dithmenos
Okawaru
Sif Muna
Yredelemnul

Shops:
D:6 (


Innate Abilities, Weirdness & Mutations

You can breathe blasts of noxious fumes.
Your lurid green scales are hard. (AC +7)
You cannot fit into any form of body armour.
Your system is resistant to poisons. (rPois)
You are cold-blooded and may be slowed by cold attacks.
Your tail ends in a venomous barb.
You are dopey. (Int -2)
You are somewhat resistant to further mutation.


Message History

You closely miss something.
Your tail-slap misses something.
Something hits you! Something bites you but does no damage.
Something hits you but does no damage. Something bites you but does no damage.
You miss something. Something hits you. Something barely misses you.
Something hits you!
* * * LOW HITPOINT WARNING * * *
Something bites you but does no damage.
You are confused.
You feel invigorated. Something barely misses you.
Something bites you but does no damage. Something barely misses you.
Something bites you but does no damage.
You barely miss something. Something hits you but does no damage.
Something bites you!
* * * LOW HITPOINT WARNING * * *
Something draws strength from your injuries!
Something hits you but does no damage. Something bites you!
* * * LOW HITPOINT WARNING * * *
Something draws strength from your injuries!
Something hits you.
* * * LOW HITPOINT WARNING * * *
Something bites you but does no damage. Something hits you.
* * * LOW HITPOINT WARNING * * *
Something barely misses you.
Things that are here:
a +0 shortbow; 17 arrows You closely miss something.
Your tail-slap misses something.
Something hits you!
* * * LOW HITPOINT WARNING * * *
Something bites you!
* * * LOW HITPOINT WARNING * * *
Something draws strength from your injuries!
Something barely misses you. Something bites you but does no damage.
Okay, then.
You are too confused!
You feel less invigorated.
You feel less confused. Something hits you!
* * * LOW HITPOINT WARNING * * *
Something bites you!
You die...

#.# #.#
####.#####.#
#..........#
#....#######
#....'....#
##...###.## #
#..[.....# #.#
#)†#.#####
#...#@)).#....
#.').....#
#...#.[....#
#.#.#......# #
. #.≈≈..## ##
#<≈≈..#
#.≈≈..#
#.....#
#.....#


There were no monsters in sight!

Vanquished Creatures
  A troll (D:9)
  Grinder (D:6)
  Sigmund (D:2)
  6 yaks (D:9)
  2 wyverns (D:9)
  A steam dragon (D:8)
  2 water moccasins
  Pargi (D:3)
  A hornet zombie (D:7)
  2 ogres
  3 necrophages
  3 centaurs
  A phantom (D:5)
  Blork the orc (D:4)
  4 bullfrogs
  A kobold brigand (D:8)
  2 gnoll sergeants
  3 scorpions
  A wyvern skeleton (D:5)
  8 wights
  A centaur skeleton (D:7)
  2 hounds
  2 orc priests
  3 jellies
  Crazy Yiuf (D:3)
  An iguana (D:6)
  7 orc wizards
  Natasha (D:4)
  Terence (D:2)
  3 killer bee zombies
  A hound skeleton (D:4)
  Robin (D:3)
  9 gnolls
  11 adders
  An ufetubus (D:7)
  An adder skeleton (D:4)
  3 worms
  4 dart slugs
  18 orcs
  4 bats (D:1)
  6 endoplasms
  11 giant cockroaches
  12 goblins
  10 hobgoblins
  3 jackals (D:1)
  9 quokkas
  11 ball pythons
  7 frilled lizards
  15 kobolds
  4 rats
208 creatures vanquished.

Notes
Turn   | Place    | Note
-------+----------+-------------------------------------------
     0 | D:1      | NinjaNoafa the Draconian Berserker began the quest for the
                  | Orb.
     0 | D:1      | Reached XP level 1. HP: 19/19 MP: 1/1
   103 | D:1      | Reached XP level 2. HP: 17/26 MP: 2/2
   712 | D:1      | Reached ** piety under Trog
   713 | D:1      | Reached skill level 4 in Fighting
   718 | D:1      | Reached XP level 3. HP: 15/33 MP: 3/3
  1323 | D:2      | Noticed Sigmund
  1336 | D:2      | Killed Sigmund
  1337 | D:2      | Reached skill level 5 in Fighting
  1337 | D:2      | Reached XP level 4. HP: 42/42 MP: 4/4
  1337 | D:2      | Reached XP level 5. HP: 48/48 MP: 5/5
  1878 | D:2      | Noticed Terence
  1882 | D:2      | Gained mutation: You sometimes lose the ability to read
                  | scrolls when taking damage. [potion of mutation]
  1882 | D:2      | Gained mutation: Your tail ends in a venomous barb. [potion
                  | of mutation]
  1882 | D:2      | Gained mutation: You are dopey. (Int -2) [potion of
                  | mutation]
  1882 | D:2      | Gained mutation: You have hidden genetic potential. [potion
                  | of mutation]
  2238 | D:2      | Killed Terence
  2569 | D:3      | Found a runed translucent door.
  2570 | D:3      | Noticed Crazy Yiuf
  2681 | D:3      | Noticed Robin
  2959 | D:3      | Found a faded altar of an unknown god.
  3040 | D:3      | Noticed Pargi
  3042 | D:3      | Lost mutation: Your tail ends in a venomous barb. [potion
                  | of mutation]
  3042 | D:3      | Lost mutation: You sometimes lose the ability to read
                  | scrolls when taking damage. [potion of mutation]
  3042 | D:3      | Lost mutation: You have hidden genetic potential. [potion
                  | of mutation]
  3042 | D:3      | Gained mutation: You are somewhat resistant to further
                  | mutation. [potion of mutation]
  3042 | D:3      | Gained mutation: Your tail ends in a venomous barb. [potion
                  | of mutation]
  3056 | D:3      | Killed Pargi
  3057 | D:3      | Reached skill level 6 in Fighting
  3057 | D:3      | Reached skill level 5 in Dodging
  3057 | D:3      | Reached XP level 6. HP: 22/57 MP: 6/6
  3304 | D:3      | Killed Robin
  3306 | D:3      | Reached *** piety under Trog
  3679 | D:3      | Found an iron altar of Okawaru.
  3912 | D:3      | Killed Crazy Yiuf
  4052 | D:4      | Your scales start taking on a lurid green colour.
  4052 | D:4      | Reached XP level 7. HP: 39/64 MP: 7/7
  4052 | D:4      | Gained mutation: Your system is resistant to poisons.
                  | (rPois) [Green Draconian growth]
  4211 | D:4      | Reached skill level 1 in Staves
  4373 | D:4      | Noticed Natasha
  4379 | D:4      | Killed Natasha
  4509 | D:4      | Reached skill level 7 in Fighting
  4749 | D:4      | Noticed Blork the orc
  4757 | D:4      | Killed Blork the orc
  4991 | D:5      | Entered Level 5 of the Dungeon
  5194 | D:5      | Found a staircase to the Ecumenical Temple.
  5227 | D:5      | Reached XP level 8. HP: 51/73 MP: 8/8
  5600 | D:5      | Found a shimmering blue altar of Sif Muna.
  5735 | D:6      | Noticed Grinder
  5737 | D:6      | Paralysed by Grinder for 6 turns
  5751 | D:6      | Killed Grinder
  5755 | D:6      | Reached skill level 8 in Fighting
  5828 | D:6      | Reached skill level 5 in Staves
  5874 | D:6      | Found Celalaf's Weapon Shoppe.
  5927 | D:6      | Found a basalt altar of Yredelemnul.
  6029 | D:6      | Found a glowing drain.
  6034 | Sewer    | Entered a sewer
  6067 | Sewer    | Reached **** piety under Trog
  6855 | D:6      | Identified the +3 quarterstaff of Scorn {holy, Int+7}
  6916 | D:6      | Reached XP level 9. HP: 67/82 MP: 9/9
  7744 | D:7      | Reached skill level 9 in Fighting
  7851 | D:7      | Found a shadowy altar of Dithmenos.
  7909 | D:7      | Reached skill level 1 in Axes
  8478 | D:8      | Reached ***** piety under Trog
  8501 | D:8      | Identified a scroll of acquirement
  8501 | D:8      | Acquired 1081 gold pieces
  9584 | D:9      | Noticed a troll
  9617 | D:9      | Reached XP level 10. HP: 92/92 MP: 10/10
  9741 | D:9      | Reached skill level 5 in Axes
  9750 | D:9      | Reached skill level 10 in Fighting
  9778 | D:9      | HP: 2/93 [something (10)]
  9778 | D:9      | Mangled by a vampire

Illustrated notes

Levels and vault maps discovered:
D:1:      lemuel_arrival_behind_the_door_small, layout_loops_ring,
          minmay_box_of_dots
D:2:      layout_rooms, kennysheep_cross_room, uniq_sigmund, uniq_terence
D:3:      layout_loops_ring, mainiacjoe_overflow_concentric_impassable,
          ebering_ecumenical_altar_box, uniq_robin, uniq_pargi,
          uniq_crazy_yiuf_cottage
D:4:      layout_basic, minmay_circle_x, uniq_blork_the_orc, uniq_natasha
D:5:      layout_cave_pools, nicolae_sif_muna_condensation,
          minmay_temple_entry_ruins, serial_bayou_pond_a
D:6:      layout_rooms, nicolae_overflow_crystal_walls, serial_shops, shop,
          portal_sewer_entry_e, hangedman_decor_points,
          corexii_hall_statues_deadend, minmay_fractal_squares_gapless_5,
          uniq_grinder
D:7:      layout_gridville, mainiacjoe_overflow_surrounded_room
D:8:      layout_basic, kennysheep_generic_room_11
D:9:      layout_basic, hangedman_minor_gate_pass

Skill      XL: |  1  2  3  4  5  6  7  8  9 10 |
---------------+-------------------------------+-----
Dodging        | 3 4 5 6 7 8 |  8.1
Fighting       | 4 5 6 7 8 9 10 | 10.1
Staves         | 3 6 7 |  7.0
Axes           | 4 5 |  5.8
Long Blades    | |  3.2

Action                   |  1- 3 |  4- 6 |  7- 9 | 10-12 || total
-------------------------+-------+-------+-------+-------++-------
Melee: Falchion          |   111 |    92 |    21 |       ||   224
       Tailslap          |     7 |    18 |    23 |     1 ||    49
       Punch             |     1 |     1 |       |       ||     2
       Scythe            |       |    68 |       |       ||    68
       Quarterstaff      |       |    13 |   195 |       ||   208
       Battleaxe         |       |       |    77 |    19 ||    96
Throw: Dart              |       |       |     1 |       ||     1
       Boomerang         |       |       |     1 |       ||     1
Invok: Trog's Hand       |       |     1 |       |       ||     1
       Berserk           |       |       |     1 |     1 ||     2
 Abil: Breathe Noxious F |       |       |     8 |       ||     8
Evoke: Wand              |       |       |     1 |       ||     1
  Use: Potion            |     3 |     5 |     7 |     3 ||    18
       Scroll            |       |     9 |    13 |     1 ||    23
 Stab: Sleeping          |     1 |       |       |       ||     1
       Paralysed         |       |       |     2 |       ||     2
       Confused          |       |       |     1 |       ||     1
Armor: Skin              |    31 |   111 |   108 |    40 ||   290
Dodge: Dodged            |    89 |   172 |   306 |    36 ||   603
